Map: Divergence LE

Players

lossounet

  • Race: Protoss Protoss
  • League: Gold
  • Spawn Location: 11:00

Heallen

  • Race: Protoss Protoss
  • League: Gold
  • Spawn Location: 11:00

Massa - Winner!

  • Race: Terran Terran
  • League: Gold
  • Spawn Location: 5:00

qqq - Winner!

  • Race: Protoss Protoss
  • League: Platinum
  • Spawn Location: 5:00

VOD

Have the link to the VOD?

Description

Time

  • Played on: July 25, 2020, 7:10 a.m.
  • Length: 3:11
Show
View Real Time Build Order
Export as new Build Order

lossounet Protoss 

Build Orders:  

Get SALT Encoding   

  12  0:02  Probe  
  13  0:14  Probe  
  14  0:19  Pylon  
  14  0:26  Probe  
  15  0:34  Assimilator  
  15  0:38  Probe  
  16  0:46  Gateway  
  16  0:56  Probe  
  17  1:06  Probe  
  18  1:17  Pylon  
  14  1:50  Zealot  
  15  2:08  Probe  
  14  2:16  Probe  
  13  2:25  Probe  
  14  2:38  Probe  
  14  2:50  Probe  
Show
View Real Time Build Order
Export as new Build Order

Heallen Protoss 

Build Orders:  

Get SALT Encoding   

  12  0:01  Probe  
  13  0:13  Probe  
  14  0:19  Pylon  
  14  0:25  Probe  
  15  0:37  Probe  
  15  0:40  Gateway  
  17  0:50  Probe, Assimilator  
  17  1:02  Probe  
  18  1:14  Probe  
  18  1:18  Pylon  
  19  1:50  Probe  
  19  1:52  Zealot  
  17  2:02  Probe  
  18  2:18  Cybernetics Core  
  18  2:35  Forge  
  18  2:51  Probe  
Show
View Real Time Build Order
Export as new Build Order

Massa Terran - Winner!

Build Orders: Command Center First (CC) 

Get SALT Encoding   

  12  0:02  SCV  
  13  0:14  Supply Depot  
  13  0:18  SCV  
  14  0:30  SCV  
  15  0:42  SCV  
  16  1:02  Command Center  
  16  1:07  SCV  
  17  1:12  Refinery  
  17  1:19  SCV  
  17  1:22  Refinery  
  18  1:31  SCV  
  19  1:40  Engineering Bay  
  19  1:43  SCV  
  20  2:03  SCV  
  21  2:31  Planetary Fortress  
  21  2:59  Barracks  
Show
View Real Time Build Order
Export as new Build Order

qqq Protoss - Winner!

Build Orders: Cannon Rush 

Get SALT Encoding   

  12  0:02  Probe  
  13  0:16  Pylon  
  13  0:18  Probe  
  14  0:30  Probe  
  14  0:35  Forge  
  15  0:42  Probe  
  16  0:50  Pylon  
  16  1:01  Probe  
  17  1:10  Photon Cannon  
  17  1:20  Pylon  
  17  1:21  Pylon  
  17  1:29  Pylon  
  17  1:43  Photon Cannon  
  17  1:49  Photon Cannon  
  16  2:13  Photon Cannon  
  16  2:20  Photon Cannon  
  16  2:31  Photon Cannon  
  16  2:41  Probe, Pylon  
  17  2:59  Photon Cannon  
  17  3:01  Photon Cannon  
  17  3:10  Gateway  
Tags
 
Add a new tag
Caveats
  • Supply blocks, unpowered buildings, or Contaminate may cause inaccurate times.
  • Supply counts are checked every 10 seconds.